 Dungeon Crawl Stone Soup version 0.17-a0-2118-g63bad21 (webtiles) character file.

75 Duffy the Shield-Bearer (level 4, -6/35 HPs)
             Began as a Formicid Fighter on Oct 20, 2015.
             Mangled by Sfluor's ghost (10 damage)
             ... on level 3 of the Dungeon.
             The game lasted 00:02:10 (1867 turns).

Duffy the Shield-Bearer (Formicid Fighter)          Turns: 1867, Time: 00:02:10

Health: -6/35      AC:  6    Str: 21    XL:     4   Next: 55%
Magic:  4/4        EV:  8    Int:  8    God:
Gold:   73         SH: 10    Dex: 10    Spells: 0 memorised, 3 levels left

rFire  . . .     SeeInvis +     a - +0 war axe
rCold  . . .     Clarity  .     b - +0 scale mail
rNeg   . . .     SustAt   .     c - +0 shield
rPois  .         Gourm    .     (helmet unavailable)
rElec  .         Spirit   .     (no cloak)
rCorr  .         Warding  .     (no gloves)
rMut   .         Stasis   +     (no boots)
MR     .....                    (no amulet)
Stlth  ..........               (no ring)
                                (no ring)

@: not resistant to hostile enchantments, extremely unstealthy
A: permanent stasis, dig shafts and tunnels, four strong arms, antennae 3
a: Dig, Shaft Self


You were on level 3 of the Dungeon.
You were not hungry.

You visited 1 branch of the dungeon, and saw 3 of its levels.

You collected 73 gold pieces.


Innate Abilities, Weirdness & Mutations

You are under a permanent stasis effect.
You can dig through walls and to a lower floor.
Your four strong arms can wield two-handed weapons with a shield.
You have a pair of large antennae on your head (SInv).


   Skills:
 - Level 3.2 Fighting
 + Level 3.4 Axes
 - Level 3.2 Armour
 + Level 5.0 Shields


You had 3 spell levels left.
You didn't know any spells.

Inventory:

Hand Weapons
 a - a +0 war axe (weapon)
 n - a +0 blowgun
Missiles
 m - 36 poisoned needles
Armour
 b - a +0 scale mail (worn)
 c - a +0 shield (worn)
Scrolls
 f - 3 scrolls of remove curse {unknown}
 g - a scroll of identify {unknown}
 h - 2 scrolls of random uselessness {unknown}
 o - 2 scrolls of teleportation {unknown}
Potions
 d - a potion of might
 k - 2 potions of agility {unknown}
 l - a potion of lignification {unknown}
Comestibles
 e - a bread ration
 i - a royal jelly
 j - a beef jerky

Dungeon Overview and Level Annotations

Branches:
Dungeon (3/15)

Altars:

Annotations:
D:3 Sfluor's ghost, weakling DrBe


Message History

You are too injured to fight recklessly!
You are too injured to fight recklessly!
You are too injured to fight recklessly!
You are too injured to fight recklessly!
You are too injured to fight recklessly!
You are too injured to fight recklessly!
You are too injured to fight recklessly!
You closely miss Sfluor's ghost.
Sfluor's ghost is moderately damaged.
Sfluor's ghost barely misses you.
Sfluor's ghost hits you but does no damage.
Your shield and scale mail prevent you from hitting Sfluor's ghost.
Sfluor's ghost is moderately damaged.
You block Sfluor's ghost's attack.
You hit Sfluor's ghost but do no damage.
Sfluor's ghost is moderately damaged.
Sfluor's ghost hits you!
You closely miss Sfluor's ghost.
Sfluor's ghost is moderately damaged.
Sfluor's ghost hits you but does no damage.
Sfluor's ghost hits you.
You miss Sfluor's ghost.
Sfluor's ghost is moderately damaged.
You block Sfluor's ghost's attack.
You closely miss Sfluor's ghost.
Sfluor's ghost is moderately damaged.
Sfluor's ghost hits you but does no damage.
You block Sfluor's ghost's attack.
You hit Sfluor's ghost.
Sfluor's ghost is moderately damaged.
Sfluor's ghost barely misses you.
You slash Sfluor's ghost!
Sfluor's ghost is severely damaged.
Sfluor's ghost hits you. Sfluor's ghost hits you!
You die...

## .. . #. .. .
.. .#.###
###...W..
#........ #W#
#@# #)# #
#####.###..##
#............
#.#.###.##...##
#.#.# #.# ..#
#.#.# #†##...#
#.#.###.##...#
#.......##...#


You could see Sfluor's ghost.

Action                   |  1- 3 |  4- 6 || total
-------------------------+-------+-------++-------
Melee: War axe           |    90 |    39 ||   129
  Eat: Chunk             |     1 |     2 ||     3

Notes
Turn   | Place    | Note
--------------------------------------------------------------
     0 | D:1      | Duffy the Formicid Fighter began the quest for the Orb.
     0 | D:1      | Reached XP level 1. HP: 18/18 MP: 1/1
   187 | D:1      | Reached XP level 2. HP: 24/24 MP: 2/2
   191 | D:1      | Reached skill level 4 in Shields
   727 | D:2      | Reached XP level 3. HP: 25/29 MP: 3/3
   976 | D:2      | Reached skill level 3 in Axes
  1305 | D:2      | Reached XP level 4. HP: 18/35 MP: 4/4
  1839 | D:3      | Reached skill level 5 in Shields
  1844 | D:3      | Noticed Sfluor's ghost (weakling DrBe)
  1867 | D:3      | Mangled by Sfluor's ghost

Vault maps used:
D:1:      dpeg_arrival_prison
D:3:      lemuel_crystal_altar, overflow_temple_1_default, grunt_decor_clamped

Vanquished Creatures
  4 adders
  A worm
  4 ball pythons
  4 hobgoblins
  A bat
  3 giant cockroaches
  2 giant newts
  8 goblins
  3 kobolds
  9 rats
39 creatures vanquished.
